Map: Terrasses de Prion

Players

pupu - Winner!

  • Race: Protoss Protoss
  • League: Silver

pluto

  • Race: Protoss Protoss
  • League: Silver

VOD

Have the link to the VOD?

Description

Time

  • Played on: April 4, 2016, 12:12 p.m.
  • Length: 15:47
Show
View Real Time Build Order
Export as new Build Order

pupu Protoss - Winner!

Build Orders:  

Get SALT Encoding   

  12  0:01  Probe (Chrono Boost)  
  13  0:11  Probe (Chrono Boost)  
  14  0:18  Pylon  
  14  0:22  Probe (Chrono Boost)  
  15  0:36  Probe (Chrono Boost)  
  15  0:38  Gateway  
  16  0:45  Assimilator  
  16  0:47  Probe (Chrono Boost)  
  17  0:57  Probe (Chrono Boost)  
  17  1:03  Gateway  
  18  1:08  Assimilator  
  18  1:17  Probe (Chrono Boost)  
  19  1:27  Cybernetics Core  
  19  1:29  Zealot  
  21  1:35  Probe (Chrono Boost)  
  22  1:46  Probe (Chrono Boost)  
  23  2:01  Probe (Chrono Boost)  
  23  2:28  Pylon  
  23  2:29  Pylon  
  23  2:31  Pylon  
  23  2:36  Warp Gate (Chrono Boost)  
  23  2:46  Zealot, Stalker  
  27  2:51  Pylon  
  27  2:52  Mothership Core (Chrono Boost)  
  27  2:56  Pylon  
  29  3:11  Pylon  
  29  3:12  Gateway  
  29  3:41  Stalker x2  
  31  3:57  Probe (Chrono Boost)  
  31  4:02  Stalker  
  34  4:07  Probe (Chrono Boost)  
  35  4:11  Stalker x2  
  39  4:21  Probe (Chrono Boost)  
  38  4:42  Pylon  
  38  4:49  Probe (Chrono Boost)  
  39  4:58  Pylon  
  39  5:00  Probe (Chrono Boost)  
  40  5:11  Robotics Facility  
  40  5:12  Probe (Chrono Boost)  
  41  5:21  Pylon  
  41  5:23  Probe (Chrono Boost)  
  40  5:33  Probe (Chrono Boost)  
  41  5:38  Pylon  
  41  5:41  Pylon  
  41  5:45  Mothership Core (Chrono Boost)  
  41  5:48  Stalker  
  41  5:49  Stalker x2  
  49  5:58  Warp Prism  
  49  6:28  Stalker x3  
  47  6:52  Mothership Core (Chrono Boost)  
  47  6:55  Stalker x3  
  53  7:07  Twilight Council  
  53  7:33  Gateway  
  53  7:36  Zealot x3  
  59  7:57  Charge (Chrono Boost)  
  59  8:01  Immortal  
  63  8:06  Zealot x2  
  63  8:07  Zealot  
  69  8:27  Zealot  
  69  9:05  Zealot x2  
  67  9:19  Zealot x2  
  67  9:30  Zealot x2  
  65  9:52  Zealot x4  
  71  10:10  Pylon  
  71  10:12  Pylon  
  63  10:32  Zealot x3  
  69  10:41  Sentry  
  71  11:06  Zealot x2  
  73  11:15  Zealot  
  51  12:21  Probe  
  52  12:23  Nexus  
  52  12:32  Pylon  
  52  12:33  Probe  
  53  12:50  Sentry x2  
  57  12:58  Probe  
  58  13:13  Zealot  
  60  13:37  Zealot  
  62  13:43  Zealot  
  64  13:56  Probe  
  64  13:58  Probe  
  66  14:07  Probe  
  67  14:10  Assimilator  
  67  14:12  Assimilator  
  67  14:14  Zealot, Pylon  
  69  14:18  Zealot  
  71  14:31  Zealot x2  
  57  14:57  Zealot x4  
  65  15:14  Probe  
  65  15:16  Probe  
  67  15:25  Probe  
  68  15:31  Stalker x4  
Show
View Real Time Build Order
Export as new Build Order

pluto Protoss 

Build Orders: Cannon Rush 

Get SALT Encoding   

  12  0:01  Probe (Chrono Boost)  
  13  0:16  Pylon  
  13  0:18  Probe (Chrono Boost)  
  14  0:34  Probe (Chrono Boost)  
  15  0:38  Forge  
  15  0:45  Probe (Chrono Boost)  
  16  0:54  Pylon  
  16  1:02  Pylon  
  16  1:10  Pylon  
  16  1:18  Photon Cannon  
  16  1:31  Pylon  
  16  1:37  Photon Cannon  
  16  1:51  Photon Cannon  
  16  1:58  Pylon  
  16  2:08  Photon Cannon  
  16  2:19  Photon Cannon  
  16  2:29  Photon Cannon  
  16  2:43  Photon Cannon  
  16  2:49  Photon Cannon  
  16  2:59  Photon Cannon  
  16  3:17  Photon Cannon  
  16  3:26  Photon Cannon  
  16  3:32  Photon Cannon  
  16  3:48  Pylon  
  16  3:52  Pylon  
  16  4:01  Photon Cannon  
  16  4:11  Pylon  
  16  4:13  Pylon  
  16  4:24  Probe (Chrono Boost)  
  17  4:32  Photon Cannon  
  17  4:34  Probe (Chrono Boost)  
  18  4:45  Photon Cannon  
  18  5:02  Pylon  
  18  5:10  Probe (Chrono Boost), Assimilator  
  18  5:11  Assimilator  
  19  5:19  Gateway  
  19  5:21  Probe (Chrono Boost)  
  20  5:30  Photon Cannon  
  20  5:39  Pylon  
  20  5:55  Photon Cannon  
  20  5:58  Photon Cannon  
  20  6:13  Photon Cannon  
  20  6:25  Photon Cannon  
  20  6:40  Cybernetics Core  
  20  6:41  Pylon  
  20  6:56  Photon Cannon  
  20  7:03  Probe (Chrono Boost)  
  20  7:07  Photon Cannon  
  21  7:14  Probe (Chrono Boost), Zealot  
  24  7:33  Robotics Facility  
  24  7:44  Photon Cannon  
  24  8:12  Stalker  
  26  8:24  Pylon  
  26  8:29  Immortal  
  30  8:42  Stalker  
  32  9:09  Immortal  
  28  9:53  Stalker  
  28  9:57  Immortal  
  33  10:23  Stalker  
  35  10:37  Immortal  
  39  11:03  Stalker  
  39  11:04  Stargate  
  36  11:42  Nexus  
  30  12:40  Immortal  
  34  12:55  Probe (Chrono Boost)  
  35  13:05  Probe (Chrono Boost)  
  36  13:16  Probe (Chrono Boost)  
  37  13:26  Probe (Chrono Boost)  
  38  13:30  Void Ray  
  42  13:37  Probe (Chrono Boost)  
  43  13:47  Probe (Chrono Boost)  
  44  13:51  Observer  
  45  13:58  Probe (Chrono Boost)  
  26  14:53  Probe (Chrono Boost)  
  27  15:04  Probe (Chrono Boost)  
  27  15:05  Pylon  
  27  15:07  Pylon  
  28  15:14  Probe (Chrono Boost)  
  23  15:25  Probe (Chrono Boost)  
  17  15:35  Probe (Chrono Boost)  
Tags
 
Add a new tag
Caveats
  • Supply blocks, unpowered buildings, or Contaminate may cause inaccurate times.
  • Supply counts are checked every 10 seconds.